 Dungeon Crawl Stone Soup version 0.29-a0-559-g359e09b9d1 (webtiles) character file.

Game seed: 12542440535375884529

25 Meatmasher the Conjurer (level 2, -1/20 HPs)
             Began as a Draconian Conjurer on June 9, 2022.
             Was a Follower of Kikubaaqudgha.
             Slain by a kobold
             ... wielding a +0 whip
              (4 damage)
             ... on level 1 of the Dungeon.
             The game lasted 00:13:53 (1366 turns).

Meatmasher the Conjurer (Draconian Conjurer)        Turns: 1366, Time: 00:13:53

Health: -1/20      AC:  6    Str:  9    XL:     2   Next: 82%
Magic:  1/5        EV: 12    Int: 21    God:    Kikubaaqudgha [*.....]
Gold:   53         SH:  0    Dex:  9    Spells: 4/5 levels left

rFire   . . .      SeeInvis .   d - +0 mace
rCold   . . .      Faith    .   (no shield)
rNeg    . . .      Spirit   .   (body armour unavailable)
rPois   .          Reflect  .   f - +2 hat {Int+3}
rElec   .          Harm     .   (no cloak)
rCorr   .          Rampage  .   (no gloves)
Will    .....                   (no boots)
Stlth   ++........              (no amulet)
HPRegen 0.06/turn               (no ring)
MPRegen 0.09/turn               (no ring)

@: mighty
A: AC +4, unfitting armour, cold-blooded
a: Renounce Religion, Unearth Wretches


You were on level 1 of the Dungeon.
You worshipped Kikubaaqudgha.
Kikubaaqudgha was aware of your devotion.
You visited 1 branch of the dungeon, and saw 1 of its levels.

You collected 53 gold pieces.

Inventory:

Hand Weapons
 d - a +0 mace (weapon)
 i - a +0 hunting sling
Missiles
 k - 3 poisoned darts
Armour
 e - a +0 robe
 f - a +2 hat of intelligence (worn)
 g - a +0 chain mail of poison resistance
 j - a +0 scale mail
 l - a +1 chain mail of positive energy
Scrolls
 b - 2 scrolls of identify {unknown}
 c - a scroll of enchant armour {unknown}
 h - a scroll of teleportation {unknown}
Potions
 a - a potion of magic


   Skills:
 * Level 0.3 Maces & Flails
 * Level 1.9 Dodging
 * Level 2.0 Stealth
 * Level 2.0 Spellcasting
 * Level 4.6 Conjurations


You had 4 spell levels left.
You knew the following spells:

 Your Spells              Type           Power      Damage    Failure   Level
a - Magic Dart            Conj           84%        1d7       2%          1

Your spell library contained the following spells:

 Spells                   Type           Power      Damage    Failure   Level
 Searing Ray              Conj           42%        2d6       3%          2
 Apportation              Tloc           4%         N/A       14%         1
 Necrotize                Necr           8%         1d4       14%         1
 Dazzling Flash           Conj/Hex       22%        N/A       17%         3
 Gell's Gravitas          Tloc           2%         N/A       41%         3
 Teleport Other           Tloc           2%         N/A       41%         3
 Vampiric Draining        Necr           2%         2d6       41%         3
 Fulminant Prism          Conj/Hex       5%         3d7       50%         4
 Iskenderun's Mystic Bla  Conj/Tloc      11%        2d4       50%         4
 Anguish                  Hex/Necr       1%         N/A       82%         4
 Animate Dead             Necr           2%         N/A       82%         4
 Alistair's Intoxication  Tmut/Pois      1%         N/A       99%         5
 Dispersal                Tloc           1%         N/A       100%        6


Dungeon Overview and Level Annotations

Branches:
Dungeon (1/15)

Altars:
Kikubaaqudgha


Innate Abilities, Weirdness & Mutations

Your plain brown scales are hard. (AC +4)
You cannot fit into any form of body armour.
You are cold-blooded and may be slowed by cold attacks.


Message History

The giant cockroach bites you but does no damage. x2
The kobold barely misses you.
The giant cockroach attacks as you move away!
The giant cockroach barely misses you.
The giant cockroach attacks as you move away!
The giant cockroach bites you but does no damage.
The kobold hits you but does no damage. The kobold attacks as you move away!
The kobold closely misses you.
The giant cockroach completely misses you.
The giant cockroach closely misses you. The kobold attacks as you move away!
The kobold hits you but does no damage.
The giant cockroach attacks as you move away!
The giant cockroach bites you.
* * * LOW HITPOINT WARNING * * *
Aiming: Magic Dart (safe; 2% risk of failure)
Press: ? - help, Q - select action, (/) - cycle Shift-Dir - straight line, f - giant cockroach, p - kobold
Aim: a giant cockroach (100% to hit)
The magic dart hits the giant cockroach.
The giant cockroach is lightly wounded.
The giant cockroach bites you but does no damage.
The kobold hits you but does no damage.
The giant cockroach attacks as you move away!
The giant cockroach bites you.
* * * LOW HITPOINT WARNING * * *
Found a robe.
You don't have enough magic to cast this spell.
You hit the giant cockroach.
The giant cockroach is moderately wounded.
The giant cockroach closely misses you. The kobold hits you but does no damage.
The giant cockroach bites you.
* * * LOW HITPOINT WARNING * * *
It was a potion of might.
You feel very mighty all of a sudden. The giant cockroach misses you.
The kobold hits you with a +0 whip.
* * * LOW HITPOINT WARNING * * *
You closely miss the giant cockroach.
The giant cockroach is moderately wounded.
The giant cockroach closely misses you. The kobold hits you with a +0 whip.
You die...
Kikubaaqudgha rasps: "You have failed me!
Welcome... death!"

....>......###.#####.##
...######...#.##......###
##.# #....#.##.........#
#..# #.#..#.##..###..#.#
#.## #.##.#.....# #..#.#
#.#####.###.###..# .†....
.........###.....#
......#
..####.....####KB#
B.....# ###
###....###.@#.K...... #
##....##..# ##...##..#
#....##.. ##...##.#
#...##.. #...##..
##...8#.[ #§§§§##


You could see a giant cockroach and a kobold.

Vanquished Creatures
  A dart slug (D:1)
  4 endoplasms (D:1)
  2 goblins (D:1)
  2 hobgoblins (D:1)
  2 quokkas (D:1)
  3 ball pythons (D:1)
  4 bats (D:1)
  4 rats (D:1)
22 creatures vanquished.

Notes
Turn   | Place    | Note
-------+----------+-------------------------------------------
     0 | D:1      | Meatmasher the Draconian Conjurer began the quest for the
                  | Orb.
     0 | D:1      | Reached XP level 1. HP: 14/14 MP: 3/3
   719 | D:1      | Reached XP level 2. HP: 19/20 MP: 0/5
   945 | D:1      | Found a faded altar of an unknown god.
   960 | D:1      | Prayed at the altar of an unknown god.
   960 | D:1      | Became a worshipper of Kikubaaqudgha
   960 | D:1      | Reached * piety under Kikubaaqudgha
   960 | D:1      | Received a gift from Kikubaaqudgha
  1366 | D:1      | Slain by a kobold

Illustrated notes

Levels and vault maps discovered:
D:1:      heliophobic_arrival_dark_side_of_the_moon, layout_loops_ring,
          shapermc_ecumenical_altar_mp_highgroup, minivault_5,
          nicolae_figureground_sparkle

Skill      XL: |  1  2 |
---------------+-------+-----
Stealth        | 2 |  2.0
Maces & Flails | |  0.3
Dodging        | |  1.9
Spellcasting   | |  2.0
Conjurations   | |  4.6

Action                   || total
-------------------------++-------
Melee: Unarmed           ||    12
       Tailslap          ||     2
       Mace              ||    23
 Cast: Magic Dart        ||    49
  Use: Potion            ||     1
Armor: Skin              ||    28
Dodge: Dodged            ||    60

Table legend: (Time is in decaauts)
 A = Elapsed time spent in this place.
 B = Non-inter-level travel time spent in this place.
 C = Inter-level travel time spent in this place.
 D = Time resting spent in this place.
 E = Time spent auto-exploring this place.
 F = Levels seen in this place.
 G = Mean time per level.
                   A        B        C        D        E       F      G
               +--------+--------+--------+--------+--------+-----+--------+
         Total |   1374 |    961 |    413 |    561 |    168 |   1 | 1374.0 |
       Dungeon |   1374 |    961 |    413 |    561 |    168 |   1 | 1374.0 |
               +--------+--------+--------+--------+--------+-----+--------+

Top non-repeatable levels by time:
     D:1: 1374 daAuts
